 Dungeon Crawl Stone Soup version 0.30-b1-2-g02819fbbbe (webtiles) character file.

Game seed: 2156868032217996581

106 raph the Conjurer (level 4, 0/23 (24) HPs)
             Began as a Deep Elf Conjurer on Aug 25, 2023.
             Slain by Crazy Yiuf
             ... wielding a +4 quarterstaff of chaos
              (12 damage)
             ... on level 2 of the Dungeon.
             The game lasted 00:02:38 (1313 turns).

raph the Conjurer (Deep Elf Conjurer)               Turns: 1313, Time: 00:02:38

HP:   0/23 (24)     AC:  3    Str:  4    XL:     4   Next: 55%
MP:   3/10          EV: 17    Int: 25    God:
Gold: 62            SH:  0    Dex: 13    Spells: 3/9 levels left

rFire   . . .        n - +0 rapier
rCold   . . .        (no shield)
rNeg    . . .        a - +0 robe
rPois   .            (no helmet)
rElec   .            (no cloak)
rCorr   .            (no gloves)
SInv    .            g - +0 pair of boots
Will    .....        (no amulet)
Stlth   ++           (no ring)
HPRegen 0.23/turn    (no ring)
MPRegen 0.12/turn

%: no passive effects
@: agile, lightly drained
A: no striking features
a: no special abilities


You were on level 2 of the Dungeon.
You visited 1 branch of the dungeon, and saw 2 of its levels.

You collected 62 gold pieces.

Inventory:

Hand Weapons
 c - a +0 hand axe
 j - a +0 sling
 n - a +0 rapier (weapon)
 o - a +0 halberd of pain
Missiles
 h - 5 poisoned darts
Armour
 a - a +0 robe (worn)
 g - a +0 pair of boots (worn)
Magical Staves
 l - a staff of poison
Scrolls
 f - 3 scrolls of fog {unknown}
 i - 2 scrolls of identify {unknown}
 k - a scroll of magic mapping {unknown}
 m - a scroll of teleportation {unknown}
Potions
 b - a potion of magic
 d - a potion of brilliance {unknown}
 e - 3 potions of might {unknown}


   Skills:
 - Level 2.4 Dodging
 - Level 2.4 Stealth
 - Level 3.0 Spellcasting
 + Level 6.6 Conjurations


You had 3 spell levels left.
You knew the following spells:

 Your Spells              Type           Power      Damage    Failure   Level
a - Magic Dart            Conj           100%       1d8       1%          1
b - Searing Ray           Conj           74%        2d7       1%          2
c - Dazzling Flash        Conj/Hex       40%        N/A       8%          3

Your spell library contained the following spells:

 Spells                   Type           Power      Damage    Failure   Level
 Beastly Appendage        Tmut           6%         N/A       10%         1
 Lesser Beckoning         Tloc           6%         N/A       16%         2
 Wereblood                Tmut           3%         N/A       16%         2
 Gell's Gravitas          Tloc           3%         N/A       30%         3
 Spider Form              Tmut/Pois      3%         N/A       30%         3
 Teleport Other           Tloc           3%         N/A       30%         3
 Fulminant Prism          Conj/Hex       10%        3d8       26%         4
 Iskenderun's Mystic Bla  Conj/Tloc      20%        2d6       26%         4


Dungeon Overview and Level Annotations

Branches:
Dungeon (2/15)

Altars:

Annotations:
D:2 Crazy Yiuf


Message History

You see here a +0 halberd of pain.
o - a +0 halberd of pain You start waiting.
Items here: ( ))) †.
Things that are here:
a +0 club; a gnoll corpse
Found a dagger.
There is an open door here.
Found a hammer.
Found a runed translucent door.
Crazy Yiuf shouts!
You open the door.
Casting: Searing Ray (safe; 1% risk of failure)
Confirm with . or Enter, or press ? or * to list all spells.
Aiming: Searing Ray (safe; 1% risk of failure)
Press: ? - help, Shift-Dir - straight line, f - Crazy Yiuf
Aim: Crazy Yiuf, wielding a +4 quarterstaff of chaos and wearing a +0 cloak (83% to hit)
The searing ray hits Crazy Yiuf!
Crazy Yiuf is severely wounded. (Press . to maintain the ray.) Crazy Yiuf hits you but does no damage.
You feel drained.
The searing ray misses Crazy Yiuf.
Crazy Yiuf hits you with a +4 quarterstaff of chaos.
You feel agile all of a sudden.
The searing ray misses Crazy Yiuf.
Crazy Yiuf barely misses you.
The searing ray hits Crazy Yiuf.
Crazy Yiuf is severely wounded.
You finish channelling your searing ray.
Crazy Yiuf hits you with a +4 quarterstaff of chaos!
Crazy Yiuf freezes you.
Casting: Searing Ray (safe; 1% risk of failure)
Confirm with . or Enter, or press ? or * to list all spells.
Aiming: Searing Ray (safe; 1% risk of failure)
Press: ? - help, Shift-Dir - straight line, f/p - Crazy Yiuf
Aim: Crazy Yiuf, wielding a +4 quarterstaff of chaos and wearing a +0 cloak (severely wounded, 83% to hit)
The searing ray hits Crazy Yiuf.
Crazy Yiuf is almost dead. (Press . to maintain the ray.) Crazy Yiuf hits you with a +4 quarterstaff of chaos!
Ouch! That really hurt!
You die...

####....####.#..#....#
#....# #.#..#....##
♣....♣ #...........
♣...♣♣ ###........#
♣♣.♣♣ #........+ ♣.♣♣
#.#......# ♣♣.♣
#........+ ♣.♣♣
#####......# ♣♣@♣
#...#.†....# #g#
#.....##### ...
#.....## ## #...#
##......###. #..)#
#........##. #####
#......#.#..
#..#####.#.# #..
##'#+# ... #..>..


You could see Crazy Yiuf.

Vanquished Creatures
  Jessica (D:2)
  An adder (D:2)
  4 gnolls (D:2)
  A dart slug (D:1)
  2 endoplasms (D:1)
  2 giant cockroaches
  4 goblins
  A hobgoblin (D:1)
  2 quokkas (D:1)
  2 ball pythons (D:2)
  5 bats
  A frilled lizard (D:1)
  7 kobolds
  2 rats
35 creatures vanquished.

Vanquished Creatures (others)
  2 fungi (D:2)
2 creatures vanquished.

Grand Total: 37 creatures vanquished

Notes
Turn   | Place    | Note
-------+----------+-------------------------------------------
     0 | D:1      | raph the Deep Elf Conjurer began the quest for the Orb.
     0 | D:1      | Reached XP level 1. HP: 10/10 MP: 6/6
     5 | D:1      | Noticed an electric eel
   183 | D:1      | Reached XP level 2. HP: 15/15 MP: 4/8
   188 | D:1      | Reached skill level 5 in Conjurations
   291 | D:1      | Learned a level 2 spell: Searing Ray
   827 | D:2      | Reached XP level 3. HP: 19/19 MP: 5/9
   831 | D:2      | Learned a level 3 spell: Dazzling Flash
  1026 | D:2      | Noticed Jessica
  1030 | D:2      | Killed Jessica
  1031 | D:2      | Reached skill level 6 in Conjurations
  1094 | D:2      | Reached XP level 4. HP: 24/24 MP: 6/10
  1304 | D:2      | Found a runed translucent door.
  1305 | D:2      | Noticed Crazy Yiuf
  1313 | D:2      | Slain by Crazy Yiuf

Illustrated notes

Levels and vault maps discovered:
D:1:      arrival_aquarium_a, layout_rooms
D:2:      layout_basic, minmay_cut_off, uniq_crazy_yiuf_cottage, uniq_jessica

Skill      XL: |  1  2  3 |
---------------+----------+-----
Conjurations   | 5 6 |  6.6
Dodging        | |  2.4
Stealth        | |  2.4
Spellcasting   | |  3.0

Action                     |  1- 3 |  4- 6 || total
---------------------------+-------+-------++-------
  Melee: Rapier            |     2 |       ||     2
   Fire: Sling             |     2 |       ||     2
   Cast: Magic Dart        |    41 |       ||    41
         Searing Ray       |     6 |     4 ||    10
 Armour: Robe              |     6 |     1 ||     7
  Dodge: Dodged            |    16 |     1 ||    17
